 Dungeon Sprint DCSS version 0.20.1-1-g8b1a95d (webtiles) character file.

5635 suicidejoker the Unseen (level 10, -6/56 HPs)
             Began as an Octopode Enchanter on Sept 5, 2017.
             Was the Champion of Cheibriados.
             Hit by a large rock thrown by a stone giant (34 damage)
             ... in the Dungeon (Sprint IX: "|||||||||||||||||||||||||||||").
             The game lasted 00:06:25 (1499 turns).

suicidejoker the Unseen (Octopode Enchanter)        Turns: 1499, Time: 00:06:26

Health: -6/56      AC:  3    Str: 26    XL:     10   Next: 74%
Magic:  17/24      EV: 27    Int: 33    God:    Cheibriados [******]
Gold:   0          SH:  0    Dex: 27    Spells: 23/29 levels left

rFire    . . .     SeeInvis .   n - +2 rapier (drain)
rCold    . . .     Gourm    .   (no shield)
rNeg     . . .     Faith    .   (helmet restricted)
rPois    .         Spirit   .   (no amulet)
rElec    .         Reflect  .   o - +2 ring of evasion
rCorr    .         Harm     .   p - +2 ring of protection
MR       .....     NoTele   +   (no ring)
Stlth    ++++++++..             (no ring)
Regen    0.2/turn               (no ring)
MPRegen  0.2/turn               (no ring)
                                (no ring)
                                (no ring)

@: very slow
A: almost no armour, stealthy swim, amphibious, 8 rings, constrict 8, camouflage
1, gelatinous body 1
a: Bend Time, Temporal Distortion, Slouch, Step From Time, Renounce Religion


You were in the Dungeon.
You worshipped Cheibriados.
Cheibriados was exalted by your worship.
You were hungry.

You visited 1 branch

Inventory:

Hand Weapons
 a - a +1 dagger
 n - a +2 rapier of draining (weapon)
Jewellery
 o - a +2 ring of evasion (left tentacle)
 p - a +2 ring of protection (right tentacle)
Wands
 m - a wand of acid (0/15)
Scrolls
 i - 3 scrolls of blinking
 k - 3 scrolls of remove curse
 l - 2 scrolls of amnesia
 s - a scroll of fear
 t - 2 scrolls of identify
 u - 2 scrolls of enchant armour
 v - a scroll of fog
Potions
 d - 5 potions of curing
 e - 5 potions of heal wounds
 f - a potion of haste
 g - 4 potions of magic
 h - 2 potions of berserk rage
 j - a potion of invisibility
 q - 2 potions of might
 r - a potion of agility
Books
 b - a book of Maledictions

   Spells                             Type                      Level
   a - Corona                         Hexes                        1
   b - Ensorcelled Hibernation        Hexes/Ice                    2
   c - Confuse                        Hexes                        3
   d - Tukima's Dance                 Hexes                        3
   e - Dazzling Spray                 Conjuration/Hexes            3
Comestibles
 c - 13 bread rations
 w - 40 fruits
 x - 12 meat rations


   Skills:
 + Level 11.0 Short Blades
 + Level 11.3 Dodging
 + Level 15.4 Stealth
 + Level 10.4 Spellcasting
 + Level 11.4 Hexes
 + Level 3.7 Invocations
 + Level 4.1 Evocations


You had 23 spell levels left.
You knew the following spells:

 Your Spells              Type           Power        Failure   Level  Hunger
a - Corona                Hex            #######      1%          1    None
b - Ensorcelled Hibernat  Hex/Ice        ######       1%          2    None
c - Dazzling Spray        Conj/Hex       ######       1%          3    None


Dungeon Overview and Level Annotations

Branches:
Dungeon (1/1)

Altars:
Cheibriados
Dithmenos
Elyvilon
Fedhas
Gozag
Hepliaklqana
Kikubaaqudgha
Makhleb
Nemelex Xobeh
Okawaru
Qazlal
Ru
Sif Muna
Trog
Uskayaw
Vehumet
Xom
Yredelemnul
Zin
The Shining One
Beogh
Jiyva
Lugonu


Innate Abilities, Weirdness & Mutations

You cannot wear most types of armour.
You are very stealthy in the water. (Stealth+)
You are amphibious.
You can wear up to eight rings at the same time.
You can use your tentacles to constrict eight enemies at once.
Your skin changes colour to match your surroundings (Stealth+).
Your rubbery body absorbs attacks. (AC +1, EV +1)


Message History

You kill the orc wizard!
Cheibriados thoroughly appreciates the change of pace.
You kill the orc!
Cheibriados appreciates the change of pace.
You are feeling hungry.
The stone giant throws a large rock.
The large rock hits you!
An orc comes into view. It is wielding a dagger.
Casting: Dazzling Spray
Confirm with . or Enter, or press ? or * to list all spells.
Aiming: Ensorcelled Hibernation
Press: ? - help, Shift-Dir - straight line, f - stone giant
Aim: a stone giant (moderately wounded, chance to defeat MR: 22%)
The stone giant resists with almost no effort.
The stone giant throws a large rock.
The large rock hits you!!!
Ouch! That really hurt!
* * * LOW HITPOINT WARNING * * *
You feel much better.
The stone giant throws a large rock.
The large rock hits you!!
Ouch! That really hurt!
You die...

▓.▓.▓.▓.▓.▓
▓.▓.▓.▓.▓.▓
▓.▓.▓'▓.▓.▓
▓.▓.▓.▓.▓.▓
▓.▓.▓.▓.▓.▓
▓.▓.▓.▓.▓'▓
▓.▓.▓.▓.▓.▓
▓.▓.▓.▓.▓.▓
▓@▓.▓.▓.▓†▓
▓)▓.▓"▓.▓.▓
▓)▓.▓/▓.▓.▓
▓)▓.▓.▓.▓'▓
▓C▓.▓.▓.▓_▓
▓o▓.▓.▓.▓_▓
▓)▓.▓.▓.▓_▓
▓)▓.▓.▓.▓_▓
▓.▓†▓.▓_▓


You could see a stone giant and an orc.

Vanquished Creatures
  An unseen horror (D)
  An elephant (D)
  Psyche (D)
  A gargoyle (D)
  A spiny frog (D)
  A rime drake (D)
  A komodo dragon (D)
  A tyrant leech (D)
  2 hippogriffs (D)
  4 blink frogs (D)
  A wraith (D)
  A wyvern (D)
  A yak (D)
  3 vampire mosquitoes (D)
  A water moccasin (D)
  2 porcupines (D)
  5 crocodiles (D)
  A centaur (D)
  4 bullfrogs (D)
  A scorpion (D)
  A crimson imp (D)
  5 orc wizards (D)
  A gnoll (D)
  2 shadow imps (D)
  An adder skeleton (D)
  A leopard gecko (D)
  2 orcs (D)
  A ball python (D)
  A bat skeleton (D)
  2 giant cockroaches (D)
  A hobgoblin (D)
  A jackal (D)
  A frilled lizard (D)
  A kobold (D)
55 creatures vanquished.

Notes
Turn   | Place    | Note
-------+----------+-------------------------------------------
     0 | D        | suicidejoker the Octopode Enchanter began the quest for the Orb.
     0 | D        | Reached XP level 1. HP: 11/11 MP: 3/3
    10 | D        | Reached XP level 2. HP: 12/17 MP: 3/5
   302 | D        | Reached skill level 5 in Stealth
   313 | D        | Reached XP level 3. HP: 18/21 MP: 5/7
   355 | D        | Learned a level 2 spell: Ensorcelled Hibernation
   359 | D        | Learned a level 3 spell: Dazzling Spray
   359 | D        | Found a roughly hewn altar of Beogh.
   359 | D        | Found a snail-covered altar of Cheibriados.
   359 | D        | Found a shadowy altar of Dithmenos.
   359 | D        | Found a white marble altar of Elyvilon.
   359 | D        | Found a blossoming altar of Fedhas.
   359 | D        | Found an opulent altar of Gozag.
   360 | D        | Found a hazy altar of Hepliaklqana.
   361 | D        | Found a viscous altar of Jiyva.
   362 | D        | Found an ancient bone altar of Kikubaaqudgha.
   363 | D        | Became a worshipper of Cheibriados the Contemplative
   364 | D        | Found a corrupted altar of Lugonu.
   365 | D        | Found a burning altar of Makhleb.
   366 | D        | Found a sparkling altar of Nemelex Xobeh.
   367 | D        | Found an iron altar of Okawaru.
   368 | D        | Found a stormy altar of Qazlal.
   369 | D        | Found a sacrificial altar of Ru.
   370 | D        | Found a deep blue altar of Sif Muna.
   371 | D        | Found a bloodstained altar of Trog.
   372 | D        | Found a hide-covered altar of Uskayaw.
   373 | D        | Found a radiant altar of Vehumet.
   375 | D        | Found a shimmering altar of Xom.
   376 | D        | Found a basalt altar of Yredelemnul.
   377 | D        | Found a glowing silver altar of Zin.
   378 | D        | Found a glowing golden altar of the Shining One.
   406 | D        | Noticed a wraith
   406 | D        | Noticed a centaur
   406 | D        | Noticed a scorpion
   411 | D        | Reached * piety under Cheibriados
   411 | D        | Reached skill level 6 in Stealth
   411 | D        | Reached XP level 4. HP: 25/27 MP: 9/9
   424 | D        | Killed a centaur
   424 | D        | Reached skill level 7 in Stealth
   424 | D        | Reached skill level 5 in Hexes
   424 | D        | Reached XP level 5. HP: 15/31 MP: 9/11
   425 | D        | Killed a wraith
   425 | D        | Reached ** piety under Cheibriados
   425 | D        | Reached skill level 5 in Short Blades
   425 | D        | Reached skill level 9 in Stealth
   425 | D        | Reached skill level 5 in Spellcasting
   425 | D        | Reached XP level 6. HP: 18/36 MP: 10/14
   574 | D        | Noticed a yak
   574 | D        | Noticed a gargoyle
   574 | D        | Noticed a wyvern
   578 | D        | Reached *** piety under Cheibriados
   580 | D        | Killed a yak
   580 | D        | Reached skill level 10 in Stealth
   580 | D        | Reached XP level 7. HP: 20/41 MP: 14/16
   581 | D        | Killed an unseen horror
   581 | D        | Reached skill level 11 in Stealth
   581 | D        | Reached XP level 8. HP: 19/46 MP: 15/19
   581 | D        | Killed a gargoyle
   581 | D        | Reached **** piety under Cheibriados
   581 | D        | Reached skill level 12 in Stealth
   590 | D        | Killed a wyvern
   798 | D        | Noticed a spiny frog
   798 | D        | Noticed a hippogriff
   801 | D        | Reached ***** piety under Cheibriados
   803 | D        | Reached XP level 9. HP: 51/51 MP: 16/21
   812 | D        | Killed a spiny frog
   812 | D        | Reached skill level 13 in Stealth
   822 | D        | Reached skill level 10 in Hexes
   831 | D        | Reached ****** piety under Cheibriados
   831 | D        | Reached skill level 10 in Dodging
   956 | D        | Noticed a komodo dragon
   956 | D        | Noticed a rime drake
   956 | D        | Noticed an elephant
   961 | D        | Reached skill level 10 in Short Blades
   961 | D        | Reached skill level 14 in Stealth
   974 | D        | Killed a komodo dragon
   974 | D        | Reached XP level 10. HP: 35/56 MP: 23/23
   980 | D        | Killed an elephant
   980 | D        | Reached skill level 1 in Invocations
   980 | D        | Reached skill level 1 in Evocations
   983 | D        | Reached skill level 10 in Spellcasting
  1139 | D        | Reached skill level 15 in Stealth
  1433 | D        | Noticed Psyche
  1442 | D        | Killed Psyche
  1493 | D        | Noticed a stone giant
  1499 | D        | Hit by a large rock thrown by a stone giant

Skill      XL: |  1  2  3  4  5  6  7  8  9 10 |
---------------+-------------------------------+-----
Short Blades   | 2 3 4 5 6 7 8 10 11 | 11.0
Dodging        | 3 4 6 7 8 9 10 11 | 11.3
Stealth        | 5 6 7 9 10 11 12 14 15 | 15.4
Spellcasting   | 3 4 5 6 7 8 9 10 | 10.4
Hexes          | 4 5 6 7 8 9 10 11 | 11.4
Invocations    | 3 |  3.7
Evocations     | 4 |  4.1

Action                   |  1- 3 |  4- 6 |  7- 9 | 10-12 || total
-------------------------+-------+-------+-------+-------++-------
Melee: Dagger            |    24 |       |       |       ||    24
       Tentacles         |     4 |     2 |    11 |     9 ||    26
       Constrict         |     7 |       |     5 |     4 ||    16
       Rapier            |     4 |    13 |    44 |    15 ||    76
 Cast: Ensorcelled Hiber |       |       |    11 |     5 ||    16
       Dazzling Spray    |       |       |       |     1 ||     1
Invok: Slouch            |       |       |       |     4 ||     4
Evoke: Wand              |       |     5 |     2 |       ||     7
  Use: Potion            |       |       |     2 |     1 ||     3
 Stab: Sleeping          |     3 |       |     6 |     3 ||    12
Armor: Skin              |       |     1 |     2 |       ||     3
Dodge: Dodged            |    13 |    13 |    37 |    11 ||    74
